 Dungeon Crawl Stone Soup version 0.32-a0-876-gcfddb08e57 (webtiles) character file.

Game seed: 15868533370423614184

179 smashvw the Trooper (level 5, -2/47 HPs)
             Began as a Minotaur Fighter on Apr 1, 2024.
             Slain by a gnoll
             ... wielding a +0 spear
              (8 damage)
             ... on level 3 of the Dungeon.
             The game lasted 00:04:39 (1577 turns).

smashvw the Trooper (Minotaur Fighter)              Turns: 1577, Time: 00:04:39

Health: -2/47      AC:  7    Str: 23    XL:     5   Next: 33%
Magic:  4/4        EV:  8    Int:  5    God:
Gold:   58         SH:  4    Dex:  9    Spells: 4/4 levels left

rFire   . . .        a - +0 trident
rCold   . . .        c - +0 buckler
rNeg    . . .        b - +0 scale mail
rPois   .            (helmet restricted)
rElec   .            (no cloak)
rCorr   .            (no gloves)
SInv    .            (no boots)
Will    .....        (no amulet) Stlth
                     (no ring)
HPRegen 0.27/turn    (no ring)
MPRegen 0.09/turn

%: no passive effects
@: no status effects
A: horns 2, retaliatory headbutt
a: no special abilities


You were on level 3 of the Dungeon.
You visited 1 branch of the dungeon, and saw 3 of its levels.

You collected 58 gold pieces.

Inventory:

Hand Weapons
 a - a +0 trident (weapon)
Armour
 b - a +0 scale mail (worn)
 c - a +0 buckler (worn)
Scrolls
 g - 3 scrolls of identify {unknown}
 i - a scroll of poison {unknown}
 k - 4 scrolls of silence {unknown}
 l - a scroll of enchant armour {unknown}
Potions
 d - a potion of might
 e - a potion of enlightenment {unknown}
 f - a potion of magic {unknown}
 h - a potion of lignification {unknown}
 j - a potion of cancellation {unknown}


   Skills:
 + Level 4.8 Fighting
 + Level 3.9 Polearms
 + Level 4.7 Armour
 + Level 4.8 Shields


You had 4 spell levels left.
You didn't know any spells.
Your spell library contained the following spells:

 Spells                   Type           Power      Damage    Failure   Level
 Apportation              Tloc           0%         N/A       83%         1
 Kiss of Death            Conj/Necr      0%         2d5       83%         1
 Necrotise                Necr           0%         1d4       83%         1
 Sting                    Conj/Alch      0%         1d3       83%         1
 Summon Small Mammal      Summ           0%         N/A       83%         1
 Confusing Touch          Hex            0%         N/A       99%         3
 Dispel Undead            Necr           0%         3d6       100%        4


Dungeon Overview and Level Annotations

Branches:
Dungeon (3/15)

Altars:
Xom


Innate Abilities, Weirdness & Mutations

You have a pair of horns on your head.
You reflexively headbutt those who attack you in melee.


Message History

Press: ? - help, Dir - move target, f/p - gnoll
Aim: a gnoll, wielding a +0 halberd (severely wounded, about 40% to evade your +0 trident)
You reach to attack!
You hit the gnoll.
You kill the gnoll!
Reach: a) +0 trident
Press: ? - help, Dir - move target, f - gnoll
Aim: a gnoll, wielding a +0 spear (about 40% to evade your +0 trident)
You reach to attack!
You barely miss the gnoll.
The gnoll hits you from afar with a +0 spear.
Reach: a) +0 trident
Press: ? - help, Dir - move target, f/p - gnoll
Aim: a gnoll, wielding a +0 spear (about 40% to evade your +0 trident)
You reach to attack!
You barely miss the gnoll. The gnoll hits you but does no damage.
Reach: a) +0 trident
Press: ? - help, Dir - move target, f/p - gnoll
Aim: a gnoll, wielding a +0 spear (about 40% to evade your +0 trident)
You reach to attack!
You barely miss the gnoll. The gnoll closely misses you.
The gnoll barely misses you.
Reach: a) +0 trident
Press: ? - help, Dir - move target, f/p - gnoll
Aim: a gnoll, wielding a +0 spear (about 40% to evade your +0 trident)
You reach to attack!
You hit the gnoll.
The gnoll is lightly wounded.
The gnoll hits you from afar with a +0 spear.
* * * LOW HITPOINT WARNING * * *
Reach: a) +0 trident
Press: ? - help, Dir - move target, f/p - gnoll
Aim: a gnoll, wielding a +0 spear (lightly wounded, about 40% to evade your +0 trident)
You reach to attack!
You hit the gnoll but do no damage.
The gnoll is lightly wounded.
The gnoll hits you from afar with a +0 spear.
* * * LOW HITPOINT WARNING * * *
Reach: a) +0 trident
Press: ? - help, Dir - move target, f/p - gnoll
Aim: a gnoll, wielding a +0 spear (lightly wounded, about 40% to evade your +0 trident)
You reach to attack!
You puncture the gnoll!
The gnoll is heavily wounded.
The gnoll hits you from afar with a +0 spear!
You die...

#.(.P.###. #........#
##.......#.####........#
....._..................
##
..<......#.............#
~~~
#....P...#.............#
~~~
#?.......#.............#
..~
#........#.............#
... .........#.....#@#
~.. #...?..........#)#
.~~ ##.....![...####g#
### ...
.............###.####...
~⌠.
...##.......g.........#
⌠~~ ..
#................## ...
. #................# ~..
#........##....### .~~
#.######.##....# ...


You could see a gnoll.

Vanquished Creatures
  Terence (D:2)
  Jessica (D:2)
  2 gnolls (D:3)
  5 adders
  3 dart slugs
  A ribbon worm (D:3)
  5 endoplasms
  3 giant cockroaches (D:1)
  7 goblins
  5 hobgoblins (D:1)
  4 quokkas
  A ball python (D:3)
  9 bats
  A frilled lizard (D:2)
  6 kobolds
  5 rats
59 creatures vanquished.

Vanquished Creatures (others)
  A minotaur (D:1)
  An armataur (D:1)
  A vine stalker (D:1)
  A troll (D:1)
  A formicid (D:1)
  A spriggan (D:1)
  A vampire (D:1)
  2 demigods (D:1)
  2 dwarves (D:1)
  2 tengu (D:1)
  An oni (D:1)
  A goblin (D:1)
  5 tentacles (D:1)
20 creatures vanquished.

Grand Total: 79 creatures vanquished

Notes
Turn   | Place    | Note
-------+----------+-------------------------------------------
     0 | D:1      | smashvw the Minotaur Fighter began the quest for the Orb.
     0 | D:1      | Reached XP level 1. HP: 19/19 MP: 0/0
     2 | D:1      | Noticed a troll
     2 | D:1      | Noticed a dwarf
     2 | D:1      | Noticed a minotaur
     2 | D:1      | Noticed an oni
     2 | D:1      | Noticed a demigod
     2 | D:1      | Noticed a spriggan
     2 | D:1      | Noticed a vampire
     2 | D:1      | Noticed a kraken
     2 | D:1      | Noticed a formicid
     2 | D:1      | Noticed a tengu
     2 | D:1      | Noticed an armataur
     2 | D:1      | Noticed a vine stalker
     2 | D:1      | Noticed a dwarf
     2 | D:1      | Noticed a demigod
     2 | D:1      | Noticed a tengu
     3 | D:1      | Killed a demigod
     4 | D:1      | Killed a spriggan
     4 | D:1      | Killed an oni
     6 | D:1      | Killed a tengu
     7 | D:1      | Killed a formicid
     8 | D:1      | Killed a vine stalker
     8 | D:1      | Killed a dwarf
     9 | D:1      | Killed a demigod
    10 | D:1      | Killed a dwarf
    11 | D:1      | Killed a tengu
    11 | D:1      | Killed a vampire
    12 | D:1      | Killed a troll
    14 | D:1      | Killed a minotaur
    15 | D:1      | Killed an armataur
    62 | D:1      | Reached XP level 2. HP: 25/27 MP: 1/1
   349 | D:1      | Reached XP level 3. HP: 33/33 MP: 2/2
   529 | D:2      | Noticed Jessica
   536 | D:2      | Killed Jessica
   754 | D:2      | Reached XP level 4. HP: 41/41 MP: 3/3
   896 | D:2      | Noticed Terence
   918 | D:2      | Killed Terence
  1245 | D:3      | Identified the +2 robe of the Sun {rPois Int+3}
  1313 | D:3      | Reached XP level 5. HP: 47/47 MP: 4/4
  1544 | D:3      | Found a shimmering altar of Xom.
  1577 | D:3      | Slain by a gnoll

Illustrated notes

Levels and vault maps discovered:
D:1:      nicolae_arrival_kraken_aquarium_b, layout_rooms
D:2:      layout_loops_ring, uniq_jessica, uniq_terence
D:3:      cheibrodos_helix_gallery, layout_basic,
          mainiacjoe_overflow_tiny_flanked, uniq_crazy_yiuf_cottage

Skill      XL: |  1  2  3 |
---------------+----------+-----
Armour         | 4 |  4.7
Shields        | 4 |  4.8
Fighting       | 4 |  4.8
Polearms       | 3 |  3.9

Action                     |  1- 3 |  4- 6 || total
---------------------------+-------+-------++-------
  Melee: Trident           |    89 |    99 ||   188
         Headbutt          |     9 |     5 ||    14
 Armour: Scale mail        |    49 |    71 ||   120
  Dodge: Dodged            |    32 |    46 ||    78
  Block: Buckler           |     5 |    24 ||    29

Table legend: (Time is in decaauts)
 A = Elapsed time spent in this place.
 B = Non-inter-level travel time spent in this place.
 C = Inter-level travel time spent in this place.
 D = Time resting spent in this place.
 E = Time spent auto-exploring this place.
 F = Levels seen in this place.
 G = Mean time per level.
                   A        B        C        D        E       F      G
               +--------+--------+--------+--------+--------+-----+--------+
         Total |   1608 |   1565 |     43 |      0 |   1185 |   3 |  536.0 |
       Dungeon |   1608 |   1565 |     43 |      0 |   1185 |   3 |  536.0 |
               +--------+--------+--------+--------+--------+-----+--------+

Top non-repeatable levels by time:
     D:2: 728 daAuts
     D:1: 510 daAuts
     D:3: 370 daAuts
